 Dungeon Crawl Stone Soup version 0.30-a0-715-gdb4ae3ece1 (webtiles) character file.

Game seed: 14285884519011174750

203 avis the Shooter (level 5, -4/67 HPs)
             Began as a Demigod Hunter on Jan 24, 2023.
             Frozen to death by an endoplasm (5 damage)
             ... on level 4 of the Dungeon.
             The game lasted 00:13:07 (3011 turns).

avis the Shooter (Demigod Hunter)                   Turns: 3011, Time: 00:13:08

Health: -4/67      AC: 22    Str: 12    XL:     5   Next: 26%
Magic:  7/7        EV:  2    Int: 11    God:
Gold:   145        SH:  0    Dex: 21    Spells: 4/4 levels left

rFire   . . .      SeeInvis .    b - +1 dagger (vamp)
rCold   . . .      Faith    .    (no shield)
rNeg    . . .      Spirit   .    (body armour currently unavailable)
rPois   +          Reflect  .    (helmet currently unavailable)
rElec   .          Harm     .    (cloak currently unavailable)
rCorr   .          Rampage  .    (gloves currently unavailable)
Will    .....      NoTele   +    (boots currently unavailable)
Stlth   ++                       (no amulet)
HPRegen 0.31/turn                (no ring)
MPRegen 0.10/turn                (no ring)

@: tree-form (expiring)
A: stationary, stasis, torment immunity, boosted hp, high MP 1, forlorn, divine
attributes
a: no special abilities


You were on level 4 of the Dungeon.
You were a tree.
You visited 1 branch of the dungeon, and saw 4 of its levels.

You collected 145 gold pieces.

Inventory:

Hand Weapons
 a - a +0 shortbow
 b - a +1 vampiric dagger (weapon)
Missiles
 n - 4 poisoned darts
 q - 4 javelins
Armour
 c - a +0 leather armour (melded)
 r - a +0 cloak (melded)
 v - a +0 pair of gloves (melded)
Magical Staves
 i - a staff of poison
 k - a staff of air
Wands
 t - a wand of quicksilver (10)
Scrolls
 e - 3 scrolls of teleportation {unknown}
 f - 2 scrolls of blinking {unknown}
 g - a scroll of immolation
 h - a scroll of noise {unknown}
 j - 2 scrolls of identify {unknown}
 l - 4 scrolls of fear {unknown}
 p - a scroll of enchant armour {unknown}
 y - 3 scrolls of magic mapping {unknown}
Potions
 d - a potion of brilliance
 m - 2 potions of lignification
 s - a potion of invisibility {unknown}
 u - a potion of heal wounds {unknown}
 w - a potion of cancellation {unknown}
 x - a potion of magic


   Skills:
 - Level 3.0 Fighting
 * Level 4.8 Ranged Weapons
 - Level 3.0 Dodging
 - Level 2.0 Stealth


You had 4 spell levels left.
You didn't know any spells.
Your spell library contained the following spells:

 Spells                   Type           Power      Damage    Failure   Level
 Freeze                   Ice            0%         1d3       34%         1
 Necrotise                Necr           0%         1d4       34%         1
 Call Canine Familiar     Summ           0%         N/A       71%         3
 Frozen Ramparts          Ice            0%         1d1       71%         3
 Hailstorm                Conj/Ice       0%         3d3       71%         3
 Portal Projectile        Hex/Tloc       0%         N/A       71%         3
 Vampiric Draining        Necr           0%         2d6       71%         3
 Leda's Liquefaction      Hex/Erth       0%         N/A       98%         4
 Agony                    Necr           0%         N/A       100%        5


Dungeon Overview and Level Annotations

Branches:
Dungeon (4/15)
 Temple: D:4-7

Annotations:
D:2 Grinder
D:3 1 runed translucent door, exclusion: door, Crazy Yiuf
D:4 Ijyb


Innate Abilities, Weirdness & Mutations

You are a tree.
Your roots penetrate the ground, keeping you stationary.
You cannot be teleported.
You are immune to unholy pain and torment.
Your maximum health is greatly increased.
Your equipment is partially melded.
You have an increased reservoir of magic. (+10% MP)
You shall have no god before yourself.
Your divine heritage dramatically boosts your attributes as you level up.


Message History

Ijyb hits you but does no damage. The endoplasm barely misses you.
The iguana hisses angrily.
You hit Ijyb but do no damage.
Ijyb is moderately wounded.
Ijyb barely misses you.
The endoplasm hits you but does no damage.
You hit Ijyb.
Ijyb is moderately wounded.
Ijyb screams, "I dance on your bones!" Ijyb hits you but does no damage.
The endoplasm hits you but does no damage.
You closely miss Ijyb.
Ijyb is moderately wounded.
Ijyb hits you but does no damage. The endoplasm freezes you.
You are frozen.
* * * LOW HITPOINT WARNING * * *
You miss Ijyb.
Ijyb is moderately wounded.
Your transformation is almost over.
The iguana bites you but does no damage.
Ijyb zaps a wand.
The roots erupt in riotous growth!
The grasping roots grab you!
The iguana is unaffected.
Ijyb is unaffected.
The endoplasm is unaffected.
The grasping roots constrict you.
The endoplasm hits you but does no damage.
You hit Ijyb.
Ijyb is heavily wounded.
The iguana bites you but does no damage.
Ijyb hits you but does no damage. The grasping roots constrict you.
The endoplasm freezes you.
You are frozen.
* * * LOW HITPOINT WARNING * * *
The grasping roots release their grip on you.
It was a potion of magic.
Magic courses through your body.
The iguana bites you but does no damage.
Ijyb hits you but does no damage. The endoplasm freezes you.
You are frozen.
You die...

.. .# #
#####.#.#
.....#. #
..... ##.#
#... ....#
#.#lJ#.....#
#..g♣..#
#.##...#
#...# #...#
#...# .....
#.#### #.#


You could see Ijyb, an iguana and an endoplasm.

Vanquished Creatures
  A gnoll bouda (D:3)
  An iguana (D:3)
  4 gnolls
  5 adders
  A worm (D:2)
  2 dart slugs
  An orc (D:3)
  3 endoplasms
  3 giant cockroaches
  12 goblins
  3 hobgoblins
  4 jackals
  2 quokkas (D:2)
  3 ball pythons
  4 bats
  2 frilled lizards (D:2)
  8 kobolds
  2 rats (D:3)
61 creatures vanquished.

Vanquished Creatures (others)
  9 plants (D:3)
9 creatures vanquished.

Grand Total: 70 creatures vanquished

Notes
Turn   | Place    | Note
-------+----------+-------------------------------------------
     0 | D:1      | avis the Demigod Hunter began the quest for the Orb.
     0 | D:1      | Reached XP level 1. HP: 17/17 MP: 3/3
   259 | D:1      | Reached skill level 4 in Ranged Weapons
   356 | D:1      | Reached XP level 2. HP: 24/24 MP: 4/4
   853 | D:2      | Reached XP level 3. HP: 23/29 MP: 5/5
  1049 | D:2      | Reached skill level 1 in Stealth
  1432 | D:3      | Noticed Grinder
  1741 | D:2      | Reached XP level 4. HP: 32/36 MP: 6/6
  1801 | D:2      | Paralysed by Grinder for 5 turns
  2175 | D:3      | HP: 1/38 [gnoll bouda/+0 whip (9)]
  2177 | D:3      | Reached XP level 5. HP: 2/45 MP: 7/7
  2956 | D:3      | Found a runed translucent door.
  2957 | D:3      | Noticed Crazy Yiuf
  2976 | D:4      | Noticed Ijyb
  3002 | D:4      | HP: 2/67 [frozen (5)]
  3010 | D:4      | HP: 1/67 [frozen (5)]
  3011 | D:4      | Frozen to death by an endoplasm

Illustrated notes

Levels and vault maps discovered:
D:1:      dpeg_arrival_rhombus, layout_basic
D:2:      layout_loops_ring
D:3:      layout_basic, nicolae_grassy_gnolls, uniq_crazy_yiuf_cottage,
          uniq_grinder
D:4:      layout_basic, temple_green, lightli_minifort, uniq_pikel,
          uniq_eustachio, uniq_ijyb

Skill      XL: |  1  2  3  4 |
---------------+-------------+-----
Fighting       | 2 3 |  3.0
Ranged Weapons | 4 |  4.8
Dodging        | 2 3 |  3.0
Stealth        | 2 |  2.0

Action                     |  1- 3 |  4- 6 || total
---------------------------+-------+-------++-------
  Melee: Dagger            |       |    23 ||    23
         Punch             |       |     1 ||     1
   Fire: Shortbow          |   107 |    90 ||   197
    Use: Potion            |       |     5 ||     5
 Armour: Leather armour    |    12 |    11 ||    23
         Skin              |       |    29 ||    29
  Dodge: Dodged            |    49 |    53 ||   102

Table legend: (Time is in decaauts)
 A = Elapsed time spent in this place.
 B = Non-inter-level travel time spent in this place.
 C = Inter-level travel time spent in this place.
 D = Time resting spent in this place.
 E = Time spent auto-exploring this place.
 F = Levels seen in this place.
 G = Mean time per level.
                   A        B        C        D        E       F      G
               +--------+--------+--------+--------+--------+-----+--------+
         Total |   3081 |   2869 |    212 |    663 |   1485 |   4 |  770.2 |
       Dungeon |   3081 |   2869 |    212 |    663 |   1485 |   4 |  770.2 |
               +--------+--------+--------+--------+--------+-----+--------+

Top non-repeatable levels by time:
     D:3: 1263 daAuts
     D:2: 953 daAuts
     D:1: 828 daAuts
     D:4: 36 daAuts
